 Dungeon Crawl Stone Soup version 0.30.0-10-gfe55d96785 (webtiles) character file.

Game seed: 5054775307959093365

2433 dolemite99 the Slicer (level 9, -5/64 HPs)
             Began as a Merfolk Monk on May 14, 2023.
             Was a Believer of Cheibriados.
             Killed from afar by a rime drake (25 damage)
             ... with an icy flash freeze
             ... on level 8 of the Dungeon.
             The game lasted 00:09:19 (6768 turns).

dolemite99 the Slicer (Merfolk Monk)                Turns: 6768, Time: 00:09:19

Health: -5/64      AC: 10    Str: 16    XL:     9   Next: 48%
Magic:  9/9        EV: 13    Int: 15    God:    Cheibriados [**....]
Gold:   177        SH:  0    Dex: 25    Spells: 8/8 levels left

rFire   . . .        a - +2 short sword (drain)
rCold   . . .        d - orb {light}
rNeg    + . .        F - +3 ring mail {rN+}
rPois   .            (no helmet)
rElec   .            (no cloak)
rCorr   .            y - +0 pair of gloves
SInv    .            E - +0 pair of boots
Will    .....        (no amulet)
Stlth   +            (no ring)
HPRegen 0.30/turn    (no ring)
MPRegen 0.11/turn

%: no passive effects
@: on berserk cooldown, slowed, glowing, very slow
A: (nimble swimmer 2), mertail
a: Renounce Religion, Bend Time


You were on level 8 of the Dungeon.
You worshipped Cheibriados.
Cheibriados was pleased with you.
You visited 1 branch of the dungeon, and saw 8 of its levels.

You collected 529 gold pieces.
You spent 352 gold pieces at shops.

Inventory:

Hand Weapons
 a - a +2 short sword of draining (weapon)
 b - a +0 long sword of protection
 j - a +0 falchion
 r - a +0 great sword
Missiles
 g - 6 boomerangs
 h - 10 poisoned darts (quivered)
 u - 2 javelins
Armour
 d - an orb of light (worn)
 y - a +0 pair of gloves (worn)
 E - a +0 pair of boots (worn)
 F - a +3 ring mail of positive energy (worn)
Jewellery
 p - a +6 ring of strength
 t - a ring of magical power
 v - a ring of see invisible
Scrolls
 e - 2 scrolls of poison
 m - 2 scrolls of enchant armour {unknown}
 x - 2 scrolls of silence {unknown}
 B - 2 scrolls of magic mapping {unknown}
 G - a scroll of teleportation
 H - 2 scrolls of fog {unknown}
Potions
 c - 3 potions of ambrosia
 f - a potion of brilliance {unknown}
 i - 2 potions of heal wounds {unknown}
 o - 2 potions of invisibility {unknown}
 q - a potion of haste {unknown}
 s - 3 potions of attraction
 w - a potion of cancellation
 z - 2 potions of magic {unknown}
 A - a potion of degeneration {unknown}
 C - 2 potions of curing


   Skills:
 - Level 3.2 Fighting
 - Level 11.4(13.0) Short Blades
 + Level 10.2(12.4) Long Blades
 - Level 4.0 Dodging


You had 8 spell levels left.
You didn't know any spells.
Your spell library contained the following spells:

 Spells                   Type           Power      Damage    Failure   Level
 Kiss of Death            Conj/Necr      0%         2d5       45%         1
 Magic Dart               Conj           0%         1d3       45%         1
 Shock                    Conj/Air       0%         1d3       45%         1
 Slow                     Hex            0%         N/A       45%         1
 Lesser Beckoning         Tloc           0%         N/A       61%         2
 Static Discharge         Conj/Air       0%         2-2/arc   61%         2
 Confusing Touch          Hex            0%         N/A       83%         3
 Gell's Gravitas          Tloc           0%         N/A       83%         3
 Mephitic Cloud           Conj/Pois/Air  0%         N/A       83%         3
 Swiftness                Air            0%         N/A       83%         3
 Teleport Other           Tloc           0%         N/A       83%         3
 Vampiric Draining        Necr           0%         2d6       83%         3
 Airstrike                Air            0%         2d(0-16)  99%         4
 Dispel Undead            Necr           0%         3d6       99%         4
 Alistair's Intoxication  Tmut/Pois      0%         N/A       100%        5
 Borgnjor's Vile Clutch   Necr/Erth      0%         N/A       100%        5
 Eringya's Noxious Bog    Tmut/Pois      0%         N/A       100%        6
 Lehudib's Crystal Spear  Conj/Erth      0%         10d2      100%        8


Dungeon Overview and Level Annotations

Branches:
Dungeon (8/15)             Temple (0/1) D:7
   Lair: D:8-11

Altars:
Cheibriados
Kikubaaqudgha
Nemelex Xobeh
Ru
Uskayaw
Wu Jian

Shops:
D:6 *   D:7 [


Innate Abilities, Weirdness & Mutations

((You are very nimble when in or above water. (Stealth+, EV+, Speed+++)))
Your lower body shifts to a powerful aquatic tail in water.


Message History

The polar bear bites you!
* * * LOW HITPOINT WARNING * * *
The polar bear claws you but does no damage. x2
You hit the polar bear but do no damage.
You drain the polar bear.
The polar bear is almost dead.
You hit the polar bear but do no damage.
The polar bear is almost dead.
The polar bear goes berserk!
You barely miss the polar bear.
The polar bear is almost dead.
The polar bear bites you.
* * * LOW HITPOINT WARNING * * *
The polar bear claws you but does no damage.
The polar bear barely misses you.
A red film seems to cover your vision as you go berserk!
Cheibriados forces you to slow down.
You feel mighty!
The polar bear bites you but does no damage.
The polar bear claws you but does no damage.
The polar bear barely misses you.
You puncture the polar bear!
You kill the polar bear!
Cheibriados appreciates the change of pace.
Your base Long Blades skill increases to level 10!
You slam the door shut with a bang, pushing everything out of the way!
You see here a +0 flail.
You start resting.
You feel a strong urge to attack something.
You start resting.
You feel your anger nearly subside.
You are no longer berserk.
You are exhausted.
You feel yourself slow down.
You start resting.
Something unseen opens the door.
A gnoll is nearby!
The gnoll misses you. The gnoll barely misses you.
The rime drake breathes ice at you. The icy flash freeze hits you!!
You die...

.....~#.#......
######...g...(.....
.......#..(.(k.[...#
........k##...#..##.#
..........#.....)....#.
..........#....(.......
..........#..(.).......
.........)#†(........P.
.........@g(.(........P
.........†#..(.......#.
..........#..........P.
..........#.)(.........
..........#..).........
########..#..........##
#..############ #..#
#..#


You could see a rime drake (catching breath) and a gnoll.

Vanquished Creatures
  A polar bear (D:8)
  Sigmund (D:3)
  A wyvern (D:8)
  A steam dragon (D:7)
  2 water moccasins
  3 ice beasts
  A sky beast (D:7)
  A black bear (D:6)
  2 wolves (D:8)
  3 phantoms
  A gnoll sergeant (D:8)
  2 scorpions (D:5)
  2 hounds
  A jelly (D:5)
  A sleepcap (D:6)
  Jessica (D:3)
  2 iguanas (D:4)
  5 orc wizards
  Robin (D:3)
  6 adders
  2 gnolls (D:8)
  2 shadow imps (D:6)
  A white imp (D:7)
  4 worms (D:2)
  2 dart slugs
  10 orcs
  8 bats
  4 endoplasms
  5 giant cockroaches
  16 goblins
  11 hobgoblins
  4 quokkas
  13 ball pythons
  5 frilled lizards
  5 kobolds
  3 rats
133 creatures vanquished.

Notes
Turn   | Place    | Note
-------+----------+-------------------------------------------
     0 | D:1      | dolemite99 the Merfolk Monk began the quest for the Orb.
     0 | D:1      | Reached XP level 1. HP: 18/18 MP: 1/1
   182 | D:1      | Reached XP level 2. HP: 24/24 MP: 2/2
   517 | D:1      | Reached skill level 1 in Short Blades
   517 | D:1      | Reached XP level 3. HP: 29/29 MP: 3/3
   789 | D:2      | Reached skill level 2 in Short Blades
   961 | D:2      | Reached XP level 4. HP: 35/35 MP: 4/4
   986 | D:2      | Found a faded altar of an unknown god.
  1063 | D:2      | Reached skill level 3 in Short Blades
  1522 | D:3      | Noticed Robin
  1539 | D:3      | Noticed Sigmund
  1743 | D:3      | Killed Robin
  1744 | D:3      | Reached skill level 4 in Short Blades
  2160 | D:2      | Reached XP level 5. HP: 31/41 MP: 5/5
  2350 | D:3      | Killed Sigmund
  2351 | D:3      | Reached skill level 6 in Short Blades
  2351 | D:3      | Reached XP level 6. HP: 42/47 MP: 6/6
  2557 | D:3      | Found an ornate altar of the Wu Jian Council.
  2593 | D:3      | Noticed Jessica
  2596 | D:3      | Killed Jessica
  2597 | D:3      | Reached skill level 7 in Short Blades
  3106 | D:4      | Found an ancient bone altar of Kikubaaqudgha.
  3143 | D:4      | Reached XP level 7. HP: 45/52 MP: 7/7
  3221 | D:4      | Reached skill level 8 in Short Blades
  3764 | D:4      | Found a sacrificial altar of Ru.
  3871 | D:5      | Entered Level 5 of the Dungeon
  3945 | D:5      | Found a snail-covered altar of Cheibriados.
  4129 | D:5      | Reached skill level 9 in Short Blades
  4567 | D:5      | Reached XP level 8. HP: 50/58 MP: 8/8
  4709 | D:5      | Reached skill level 10 in Short Blades
  4800 | D:5      | Found a hide-covered altar of Uskayaw.
  4911 | D:5      | Became a worshipper of Cheibriados the Contemplative
  4911 | D:5      | Reached * piety under Cheibriados
  4911 | D:5      | Reached ** piety under Cheibriados
  5008 | D:6      | Reached skill level 11 in Short Blades
  5188 | D:6      | Got the Reference Book on Intoxicating Destruction
  5220 | D:6      | Noticed a brown ugly thing
  5552 | D:6      | Found Lukyasyi's General Store.
  5554 | D:6      | Found the +18 Lear's hauberk
  5567 | D:6      | Bought a potion of berserk rage for 55 gold pieces
  5567 | D:6      | Bought a scroll of fear for 44 gold pieces
  5567 | D:6      | Bought a +3 ring mail of positive energy for 253 gold
                  | pieces
  5700 | D:7      | Reached skill level 5 in Long Blades
  5726 | D:7      | Found a staircase to the Ecumenical Temple.
  5917 | D:7      | Found a sparkling altar of Nemelex Xobeh.
  5956 | D:7      | Found Riuskui's Armour Emporium.
  6028 | D:7      | Reached XP level 9. HP: 56/64 MP: 9/9
  6716 | D:8      | Noticed a polar bear
  6750 | D:8      | Noticed a rime drake
  6759 | D:8      | Killed a polar bear
  6760 | D:8      | Reached skill level 10 in Long Blades
  6768 | D:8      | Killed from afar by a rime drake

Illustrated notes

Levels and vault maps discovered:
D:1:      giann_bridges, layout_basic
D:2:      layout_loops_cross, hellmonk_ecumenical_altar_heavens_door
D:3:      layout_rooms, nzn_wu_jian_council_hall, kennysheep_generic_room_7,
          uniq_sigmund, uniq_robin, uniq_jessica
D:4:      layout_loops_cross, mainiacjoe_overflow_alcove_2,
          nicolae_ru_the_path_less_chosen, minmay_pentangle
D:5:      layout_rooms, kennysheep_mini_moat, lemuel_tele_altar
D:6:      layout_cave_pools, good_gods_temple_1, serial_shops, shop,
          dreamdust_mushroom_princess, nrook_pool_corridor, minmay_manual_moon
D:7:      layout_loops_ring, general_overflow_altar,
          minmay_temple_entry_stoned_glass, serial_shops, shop, minivault_22
D:8:      layout_basic, nicolae_hepliaklqana_hazy_memory,
          hellmonk_lair_entry_icy, uniq_pikel

Skill      XL: |  1  2  3  4  5  6  7  8  9 |
---------------+----------------------------+-----
Long Blades    | 4 7 10 | 10.2
Short Blades   | 1 2 4 6 7 9 11 | 11.4
Fighting       | |  3.2
Dodging        | |  4.0

Action                     |  1- 3 |  4- 6 |  7- 9 || total
---------------------------+-------+-------+-------++-------
  Melee: Falchion          |    28 |       |     3 ||    31
         Short sword       |    23 |    98 |   237 ||   358
         Long sword        |       |       |     4 ||     4
  Throw: Boomerang         |    41 |    49 |     6 ||    96
         Dart              |       |       |    47 ||    47
    Use: Scroll            |       |     1 |    10 ||    11
         Potion            |       |       |     6 ||     6
   Stab: Fleeing           |       |       |     1 ||     1
 Armour: Robe              |    11 |    16 |    10 ||    37
         Ring mail         |       |       |    37 ||    37
  Dodge: Dodged            |    21 |    69 |   116 ||   206
